 Dungeon Crawl Stone Soup version 0.26-a0-597-gb535b0901c (webtiles) character file.

Game seed: 16156459077645896883

(classic levelgen) 24455 EnegeticOcto the Cleaver (level 12, -7/112 HPs)
             Began as a Deep Dwarf Fighter on Aug 27, 2020.
             Was a High Priest of Makhleb.
             Mangled by an orc warrior
             ... wielding a +0 flail
              (21 damage)
             ... on level 2 of the Orcish Mines.
             The game lasted 00:07:08 (7733 turns).

EnegeticOcto the Cleaver (Deep Dwarf Fighter)       Turns: 7733, Time: 00:07:09

Health: -7/112     AC:  2    Str: 24    XL:     12   Next: 80%
Magic:  4/4        EV:  6    Int: 10    God:    Makhleb [*****.]
Gold:   711        SH: 12    Dex: 12    Spells: 11/11 levels left

rFire    . . .     SeeInvis .   y - +3 war axe (vorpal)
rCold    . . .     Faith    +   c - +0 kite shield
rNeg     . . .     Spirit   .   t - +0 plate armour
rPois    .         Reflect  .   f - +1 helmet
rElec    .         Harm     .   w - +0 cloak
rCorr    .         Rnd*Rage +   (no gloves)
MR       +....                  v - +2 pair of boots
Stlth    ..........             i - amulet of faith
HPRegen  0.00/turn              (no ring)
MPRegen  0.09/turn              (no ring)

@: about to teleport, corroded, non-regenerating
A: damage resistance, heal wounds, berserk 1, low mp 1, sense surroundings 2, no
regeneration
a: Heal Wounds, Minor Destruction, Lesser Servant of Makhleb, Major Destruction,
Greater Servant of Makhleb, Renounce Religion


You were on level 2 of the Orcish Mines.
You worshipped Makhleb.
Makhleb was extremely pleased with you.
You visited 2 branches of the dungeon, and saw 14 of its levels.

You collected 711 gold pieces.

Inventory:

Hand Weapons
 y - a +3 vorpal war axe (weapon)
Armour
 c - a +0 kite shield (worn)
 f - a +1 helmet (worn)
 t - a +0 plate armour (worn)
 v - a +2 pair of boots (worn)
 w - a +0 cloak (worn)
Jewellery
 i - an amulet of faith (around neck)
Wands
 h - a wand of digging (5) {@v3}
 l - a wand of polymorph (9)
 m - a wand of iceblast (14) {@v2}
 B - a wand of paralysis (11)
Scrolls
 e - 3 scrolls of teleportation {@r3}
 p - a scroll of remove curse {@r2}
 u - a scroll of enchant weapon
Potions
 b - 2 potions of ambrosia
 d - 2 potions of might {@q3}
 g - 3 potions of lignification {@q7}
 j - 2 potions of stabbing {unknown}
 k - 3 potions of cancellation
 n - 3 potions of curing {@q1}
 o - 3 potions of brilliance
 q - 3 potions of heal wounds {@q2}
 r - 3 potions of haste {@q4}
 s - a potion of degeneration
 x - 2 potions of mutation {unknown}
Miscellaneous
 z - a condenser vane (inert)
 A - a phantom mirror (inert)


   Skills:
 + Level 8.7 Fighting
 * Level 13.7 Axes
 + Level 10.4 Armour
 + Level 10.4 Shields
 + Level 9.5 Invocations
 + Level 5.8 Evocations


You had 11 spell levels left.
You didn't know any spells.
Your spell library was empty.

Dungeon Overview and Level Annotations

Branches:
Dungeon (12/15)            Temple (0/1) D:7            Lair (0/6) D:11
    Orc (2/2) D:11
    Elf: Orc:2

Altars:
Cheibriados
Makhleb
Nemelex Xobeh
Sif Muna
Vehumet
Xom
Zin
Beogh

Shops:
D:6 !   Orc:2 [

Annotations:
D:7 2 runed translucent doors, p0werm0de's ghost, novice MiFi


Innate Abilities, Weirdness & Mutations

You are resistant to damage.
You can heal yourself by infusing magical energy.
You passively map the area around you.
You do not regenerate.
You tend to lose your temper in combat.
Your magical capacity is low. (-10% MP)


Message History

You hit the rust devil but do no damage.
You barely miss the orc high priest. The rust devil hits you.
The rust devil corrodes you!
The orc wizard hits you but does no damage.
You block the orc warrior's attack. You block the red devil's attack.
The orc high priest hits you but does no damage.
You hit the orc warrior.
The orc warrior is severely wounded.
You hit the orc wizard. You barely miss the sixfirhy.
You barely miss the rust devil. You hit the orc high priest.
The orc wizard hits you but does no damage.
The sixfirhy closely misses you. The rust devil hits you.
The rust devil corrodes you! You block the orc warrior's attack.
The red devil hits you from afar with a cursed -1 trident!
You closely miss the orc warrior.
The orc warrior is severely wounded.
You slash the orc wizard!
You kill the orc wizard!
Makhleb accepts your kill.
You hit the sixfirhy but do no damage.
Your shield and plate armour prevent you from hitting the rust devil.
You hit the orc high priest but do no damage.
You block the sixfirhy's attack. The sixfirhy barely misses you.
The sixfirhy hits you! The sixfirhy shocks you!
The orc high priest hits you but does no damage.
The rust devil hits you. The rust devil corrodes you!
You barely miss the orc warrior.
The orc warrior is severely wounded.
You hit the orc high priest but do no damage.
You hit the rust devil but do no damage.
You hit the sixfirhy. The sixfirhy hits you. The sixfirhy shocks you!
The sixfirhy hits you but does no damage.
The sixfirhy hits you. The sixfirhy shocks you!
The red devil hits you from afar with a cursed -1 trident.
You block the orc warrior's attack. You block the orc high priest's attack.
The rust devil hits you. The rust devil corrodes you!
The sixfirhy hits you but does no damage.
You barely miss the orc warrior.
The orc warrior is heavily wounded.
You hit the sixfirhy. You hit the rust devil. You hit the orc high priest.
The red devil hits you from afar with a cursed -1 trident!
You block the orc warrior's attack.
You hit the rust devil but do no damage.
The rust devil is heavily wounded.
You slash the sixfirhy! You closely miss the orc warrior.
You barely miss the orc high priest. You block the rust devil's attack.
You block the orc high priest's attack. The red devil barely misses you.
You hit the rust devil but do no damage.
The rust devil is heavily wounded.
You barely miss the sixfirhy.
You hit the orc warrior but do no damage.
You hit the orc high priest but do no damage.
You block the orc warrior's attack. The rust devil hits you!
The rust devil corrodes you!
The orc priest mumbles some strange prayers to Beogh against you.
Beogh smites you!
* * * LOW HITPOINT WARNING * * *
You block the orc high priest's attack.
You are too injured to fight recklessly!
You feel much better. You block the sixfirhy's attack. x3
The red devil closely misses you. The rust devil hits you!
The rust devil corrodes you! The sixfirhy hits you! The sixfirhy shocks you!
* * * LOW HITPOINT WARNING * * *
The orc warrior hits you with a +0 flail.
* * * LOW HITPOINT WARNING * * *
You block the orc high priest's attack.
You block the sixfirhy's attack. x2; The sixfirhy hits you.
* * * LOW HITPOINT WARNING * * *
The sixfirhy shocks you!
* * * LOW HITPOINT WARNING * * *
You block the orc warrior's attack.
You feel much better.
The red devil hits you from afar with a cursed -1 trident!
* * * LOW HITPOINT WARNING * * *
You block the orc warrior's attack.
Evoke which item? (* to show all) (? for menu, Esc to quit)
Okay, then.
You fail to use your ability.
The orc high priest hits you with a +0 long sword.
* * * LOW HITPOINT WARNING * * *
The red devil hits you from afar with a cursed -1 trident!
* * * LOW HITPOINT WARNING * * *
As you read the scroll of teleportation {@r3}, it crumbles to dust.
You feel strangely unstable. You block the sixfirhy's attack.
The sixfirhy closely misses you.
The orc high priest hits you with a +0 long sword!
* * * LOW HITPOINT WARNING * * *
You block the red devil's attack. The sixfirhy hits you.
* * * LOW HITPOINT WARNING * * *
The sixfirhy shocks you!
* * * LOW HITPOINT WARNING * * *
You feel much better. The sixfirhy hits you. The sixfirhy shocks you!
* * * LOW HITPOINT WARNING * * *
The sixfirhy hits you!
* * * LOW HITPOINT WARNING * * *
The sixfirhy shocks you!
* * * LOW HITPOINT WARNING * * *
You block the sixfirhy's attack.
The orc warrior hits you with a +0 flail!!
You die...

..## #≈≈## ##.......##
.######≈≈≈# #.........#
....♣#≈≈≈## #....8....# ######
........≈≈# .........# ##....##
........P## * .......#
##......# .....##.##
.....#*##........ ....##.##
*#)4.#*##.....8... )).##### *
##3..###.......... #'###### *
##@4o###..))).....# #.##...#
#.oo.##.....))....# #.##...# *
*##...##.....##...###
#.###)#####.##....#.....#######
............##...##.....#
##)##.)..#####...#.....##
#..)#....# ,##..##.....######
#.(.#....+ #)..#......##...##
#####.#### ,#.........##.....##


You could see an orc high priest, a rust devil (summoned), a sixfirhy
(summoned), a red devil (summoned), an orc warrior and an orc priest.

Vanquished Creatures
  Saint Roka (Orc:2)
  6 two-headed ogres
  2 orc high priests (Orc:2)
  An unseen horror (D:12)
  Pikel (D:5)
  3 ugly things
  A cyclops (D:12)
  2 orc sorcerers (Orc:2)
  A centaur skeleton (D:10)
  2 gargoyles
  5 trolls
  4 hippogriffs
  A wraith (D:11)
  9 yaks (D:12)
  A wyvern (D:9)
  2 wargs (Orc:2)
  A water moccasin (D:10)
  18 orc warriors
  4 ice beasts
  A black bear (D:7)
  4 phantoms
  18 ogres
  2 centaurs
  2 crocodiles
  2 big kobolds
  6 bullfrogs
  A wyvern skeleton (D:6)
  3 scorpions
  7 killer bees
  10 howler monkeys
  4 crimson imps (D:3)
  A quasit (D:11)
  3 bullfrog zombies
  6 hounds
  2 jellies
  16 orc wizards
  A gnoll shaman (D:7)
  20 orc priests
  4 iguanas
  9 worker ants
  A howler monkey zombie (D:5)
  A worker ant zombie (D:8)
  Robin (D:2)
  10 gnolls
  4 adders
  A white imp (D:6)
  An ufetubus (D:6)
  2 oozes
  An adder zombie (D:10)
  2 adder skeletons
  A worm (D:2)
  A dart slug (D:2)
  6 leopard geckos
  86 orcs
  A bat (D:3)
  4 giant cockroaches
  2 hobgoblins
  3 jackals (D:7)
  A quokka (D:6)
  6 frilled lizards
  11 goblins
  A jackal skeleton (D:5)
  25 kobolds
  A leopard gecko zombie (D:5)
  5 rats
365 creatures vanquished.

Vanquished Creatures (collateral kills)
  A centaur zombie (D:11)
  An orc warrior (D:11)
  A phantom (D:11)
3 creatures vanquished.

Vanquished Creatures (others)
  An orc wizard (D:7)
  10 plants (D:7)
11 creatures vanquished.

Grand Total: 379 creatures vanquished

Notes
Turn   | Place    | Note
-------+----------+-------------------------------------------
     0 | D:1      | EnegeticOcto the Deep Dwarf Fighter began the quest for the
                  | Orb.
     0 | D:1      | Reached XP level 1. HP: 20/20 MP: 1/1
    58 | D:2      | Noticed Robin
    63 | D:2      | Reached XP level 2. HP: 27/27 MP: 1/1
    67 | D:2      | Killed Robin
    67 | D:2      | Reached skill level 3 in Axes
    71 | D:2      | Reached XP level 3. HP: 24/33 MP: 2/2
   254 | D:3      | Found a shimmering altar of Xom.
   263 | D:3      | Reached XP level 4. HP: 42/42 MP: 3/3
   279 | D:3      | Reached skill level 4 in Axes
   279 | D:3      | Reached XP level 5. HP: 44/49 MP: 4/4
   336 | D:3      | Paralysed by a crimson imp for 3 turns
   425 | D:3      | Found a shimmering blue altar of Sif Muna.
   704 | D:4      | Noticed a phantom
   704 | D:4      | Noticed a two-headed ogre
   725 | D:5      | Entered Level 5 of the Dungeon
   750 | D:5      | Reached XP level 6. HP: 51/57 MP: 4/4
   770 | D:5      | Noticed Pikel
   777 | D:5      | Killed Pikel
   777 | D:5      | Reached skill level 6 in Axes
   777 | D:5      | Reached skill level 5 in Armour
   777 | D:5      | Reached skill level 5 in Shields
   777 | D:5      | Reached XP level 7. HP: 59/66 MP: 5/5
   796 | D:5      | You fall into a shaft and drop 3 floors!
   963 | D:7      | Found a glowing silver altar of Zin.
   979 | D:7      | Reached XP level 8. HP: 53/73 MP: 5/5
  1026 | D:6      | Found Ozucs's Distillery.
  1068 | D:6      | Reached skill level 7 in Axes
  1165 | D:6      | Reached skill level 5 in Fighting
  1177 | D:6      | Found a radiant altar of Vehumet.
  1290 | D:6      | Found a sparkling altar of Nemelex Xobeh.
  1833 | D:6      | Found a snail-covered altar of Cheibriados.
  2022 | D:5      | Reached skill level 8 in Axes
  2291 | D:7      | Gained mutation: You passively map the area around you.
                  | [Deep Dwarf growth]
  2291 | D:7      | Reached XP level 9. HP: 51/81 MP: 6/6
  2312 | D:7      | Found a burning altar of Makhleb.
  2361 | D:7      | Became a worshipper of Makhleb the Destroyer
  2503 | D:7      | Reached skill level 1 in Invocations
  2653 | D:7      | Reached * piety under Makhleb
  2709 | D:7      | Found a large runed translucent door.
  2709 | D:7      | Found a large runed translucent door.
  2710 | D:7      | Noticed p0werm0de's ghost (novice MiFi)
  2714 | D:7      | Found a staircase to the Ecumenical Temple.
  2919 | D:8      | Reached skill level 9 in Axes
  3100 | D:8      | Noticed a two-headed ogre
  3121 | D:8      | Killed a two-headed ogre
  3298 | D:8      | Reached skill level 10 in Axes
  3338 | D:8      | Reached XP level 10. HP: 48/91 MP: 9/9
  4081 | D:9      | Reached ** piety under Makhleb
  4453 | D:9      | Reached skill level 5 in Invocations
  4677 | D:10     | Entered Level 10 of the Dungeon
  4867 | D:10     | Noticed a two-headed ogre
  4885 | D:10     | Killed a two-headed ogre
  4885 | D:10     | Reached skill level 11 in Axes
  5009 | D:10     | Reached *** piety under Makhleb
  5777 | D:11     | Found a staircase to the Orcish Mines.
  5788 | D:11     | Found a roughly hewn altar of Beogh.
  5822 | D:11     | Reached XP level 11. HP: 70/100 MP: 8/8
  5862 | D:11     | Noticed a white ugly thing
  5911 | D:11     | Killed a white ugly thing
  5967 | D:11     | Found a staircase to the Lair.
  5994 | D:11     | Noticed a white ugly thing
  6005 | D:11     | Killed a white ugly thing
  6432 | D:12     | Noticed a green ugly thing
  6455 | D:12     | Killed a green ugly thing
  6455 | D:12     | Reached skill level 12 in Axes
  6488 | D:12     | Noticed a two-headed ogre
  6497 | D:12     | Killed a two-headed ogre
  6497 | D:12     | Reached skill level 1 in Evocations
  6617 | D:12     | Killed an unseen horror
  6624 | D:12     | Reached **** piety under Makhleb
  6677 | D:12     | Noticed a two-headed ogre
  6694 | D:12     | Killed a two-headed ogre
  6725 | D:12     | Noticed a two-headed ogre
  6738 | D:12     | Killed a two-headed ogre
  6770 | D:12     | Reached XP level 12. HP: 79/110 MP: 7/7
  6961 | Orc:1    | Entered Level 1 of the Orcish Mines
  6997 | Orc:2    | Entered Level 2 of the Orcish Mines
  7022 | Orc:2    | Noticed a two-headed ogre
  7031 | Orc:2    | Killed a two-headed ogre
  7116 | Orc:2    | Reached ***** piety under Makhleb
  7171 | Orc:2    | Reached skill level 13 in Axes
  7475 | Orc:2    | Noticed Saint Roka
  7485 | Orc:2    | Gained mutation: Your magical capacity is low. (-10% MP) [a
                  | neqoxec]
  7494 | Orc:2    | Gained mutation: You tend to lose your temper in combat. [a
                  | neqoxec]
  7499 | Orc:2    | Noticed an orc high priest
  7501 | Orc:2    | Reached skill level 10 in Armour
  7508 | Orc:2    | Reached skill level 10 in Shields
  7511 | Orc:2    | Killed an orc high priest
  7528 | Orc:2    | Killed Saint Roka
  7528 | Orc:2    | Reached skill level 5 in Evocations
  7541 | Orc:2    | Found Awubein's Antique Armour Shoppe.
  7550 | Orc:2    | Found a roughly hewn altar of Beogh.
  7615 | Orc:2    | Noticed an orc high priest
  7639 | Orc:2    | Killed an orc high priest
  7709 | Orc:2    | Noticed an orc high priest
  7733 | Orc:2    | Mangled by an orc warrior

Illustrated notes

Levels and vault maps discovered:
D:1:      dpeg_arrival_refuge, layout_basic
D:2:      layout_loops_ring, uniq_natasha, uniq_robin, uniq_terence
D:3:      layout_loops_ring, led_xom_imps, lemuel_coloured_pillars_altar,
          grunt_temple_overflow_open, portal_sewer_entry_b
D:4:      kennysheep_six_static_rooms, layout_basic, lemuel_doored_altar
D:5:      layout_cave_pools, uniq_pikel
D:6:      layout_basic, nemelex_xobeh_ov_fountains_minmay, lemuel_crystal_altar,
          serial_shops, kennysheep_little_box, vehumet_altar_wand_db
D:7:      kennysheep_kobold_camp, layout_cave_pools, makhleb_heckhound_becter,
          overflow_temple_1_default, ebering_ghost_disaster_area,
          chequers_mini_garden
D:8:      layout_basic, eino_small_chamber_without_monster
D:9:      layout_roguey
D:10:     layout_layer_cave
D:11:     layout_loops_ring, lair_entry_dummy, minmay_orc_entry_temple_small,
          kennysheep_generic_room_7
D:12:     layout_basic
Orc:1:    layout_diamond_mine, gammafunk_ghost_cemetery
Orc:2:    pubby_orc_utopia

Skill      XL: |  1  2  3  4  5  6  7  8  9 10 11 12 |
---------------+-------------------------------------+-----
Axes           | 3 4 6 8 10 11 12 13 | 13.7
Fighting       | 3 4 5 6 7 8 |  8.7
Armour         | 4 5 6 7 8 9 10 | 10.4
Shields        | 4 5 6 7 8 9 10 | 10.4
Invocations    | 4 6 8 9 |  9.5
Evocations     | 3 5 |  5.8

Action                   |  1- 3 |  4- 6 |  7- 9 | 10-12 || total
-------------------------+-------+-------+-------+-------++-------
Melee: War axe           |    57 |   115 |   361 |   798 ||  1331
       Unarmed           |       |     7 |       |       ||     7
Invok: Lesser Servant of |       |       |       |     3 ||     3
 Abil: Heal Wounds       |     2 |     5 |    16 |    36 ||    59
Evoke: Condenser vane    |       |       |       |     2 ||     2
       Phantom mirror    |       |       |       |     1 ||     1
  Use: Scroll            |       |       |     9 |     8 ||    17
 Stab: Invisible         |       |     1 |       |       ||     1
       Confused          |       |       |       |     5 ||     5
       Distracted        |       |       |       |     1 ||     1
Armor: Scale mail        |    23 |       |       |       ||    23
       Chain mail        |     7 |    65 |   139 |       ||   211
       Plate armour      |       |       |    68 |   351 ||   419
Dodge: Dodged            |    19 |    28 |   100 |   165 ||   312
Block: Kite shield       |    27 |    69 |   254 |   489 ||   839

Table legend: (Time is in decaauts)
 A = Elapsed time spent in this place.
 B = Non-inter-level travel time spent in this place.
 C = Inter-level travel time spent in this place.
 D = Time resting spent in this place.
 E = Time spent auto-exploring this place.
 F = Levels seen in this place.
 G = Mean time per level.
                   A        B        C        D        E       F      G
               +--------+--------+--------+--------+--------+-----+--------+
         Total |   7844 |   7488 |    356 |      0 |   5100 |  14 |  560.3 |
       Dungeon |   7096 |   6745 |    351 |      0 |   4729 |  12 |  591.3 |
  Orcish Mines |    747 |    743 |      4 |      0 |    370 |   2 |  373.5 |
               +--------+--------+--------+--------+--------+-----+--------+

Top non-repeatable levels by time:
     D:8: 1278 daAuts
    D:10: 1061 daAuts
     D:6: 890 daAuts
     D:7: 753 daAuts
   Orc:2: 712 daAuts
    D:11: 677 daAuts
     D:9: 638 daAuts
    D:12: 546 daAuts
     D:5: 462 daAuts
     D:3: 280 daAuts
     D:4: 255 daAuts
     D:2: 195 daAuts
     D:1: 58 daAuts
   Orc:1: 35 daAuts
